 Dungeon Crawl Stone Soup version 0.23.0-33-g5e6c059 (webtiles) character file.

Game seed: 0

33162 Fang the Fighter (level 13, 0/87 HPs)
             Began as a Gargoyle Berserker on Feb 26, 2019.
             Was an Elder of Trog.
             Slain by a 15-headed hydra (3 damage)
             ... on level 3 of the Lair of Beasts.
             The game lasted 00:22:05 (17858 turns).

Fang the Fighter (Gargoyle Berserker)              Turns: 17858, Time: 00:22:06

Health: 0/87       AC: 24    Str: 28    XL:     13   Next: 69%
Magic:  13/13      EV: 17    Int: 11    God:    Trog [****..]
Gold:   1431       SH:  0    Dex: 14    Spells: 12/12 levels left

rFire    + + .     SeeInvis +   R - +5 hand axe of Vuyt {freeze, MR+ Int+3 SInv}
rCold    + . .     Gourm    .   (no shield)
rNeg     + . .     Faith    .   P - +7 ring mail of Vaethu {Dex+5}
rPois    ∞         Spirit   .   (no helmet)
rElec    +         Reflect  .   j - scarf {rC+ rF+}
rCorr    .         Harm     .   (no gloves)
MR       ++...                  (no boots)
Stlth    +.........             (no amulet)
HPRegen  0.64/turn              A - ring of protection from magic
MPRegen  0.13/turn              G - +2 ring of strength

@: no status effects
A: talons 1, fire resistance 1, negative energy resistance 1, regeneration 1,
electricity resistance, unbreathing, petrification resistance, rot immunity, AC
+9
a: Berserk, Trog's Hand, Brothers in Arms, Renounce Religion


You were on level 3 of the Lair of Beasts.
You worshipped Trog.
Trog was greatly pleased with you.
You were not hungry.

You visited 3 branches of the dungeon, and saw 18 of its levels.
You also visited: Ossuary.

You collected 1431 gold pieces.

Inventory:

Hand Weapons
 o - a +3 antimagic broad axe
 D - a +6 battleaxe
 F - a +7 war axe of freezing
 R - the +5 hand axe of Vuyt (weapon) {freeze, MR+ Int+3 SInv}
   (Trog gifted it to you on level 4 of the Lair of Beasts)

   It has been specially enchanted to freeze those struck by it, causing extra
   injury to most foes and up to half again as much damage against particularly
   susceptible opponents.
   It can also slow down cold-blooded creatures.
   It affects your intelligence (+3).
   It affects your resistance to hostile enchantments.
   It lets you see invisible.
Armour
 d - a +1 plate armour
 j - a scarf of resistance (worn)
 p - a +1 cloak
 J - the +7 chain mail of the Unbroken {rN+++ Int-5 Stlth+}
   (You found it on level 5 of the Lair of Beasts)

   It affects your intelligence (-5).
   It renders you almost immune to negative energy.
   It makes you more stealthy.
 P - the +7 ring mail of Vaethu (worn) {Dex+5}
   (You found it on level 1 of the Lair of Beasts)

   It affects your dexterity (+5).
Jewellery
 m - an uncursed ring of fire
 v - a +3 ring of dexterity
 A - a ring of protection from magic (left hand)
 E - an uncursed ring of ice
 G - a +2 ring of strength (right hand)
 M - an uncursed ring of ice
 S - an uncursed amulet of guardian spirit {unknown}
 U - a +2 ring of dexterity
Wands
 a - a wand of enslavement (13)
 t - a wand of digging (11)
 z - a wand of flame (14)
 B - a wand of iceblast (24)
 C - a wand of random effects (18)
 L - a wand of paralysis (16)
 T - a wand of polymorph (8)
Scrolls
 e - 7 scrolls of remove curse
 f - 14 scrolls of teleportation
 g - 8 scrolls of identify
 h - 4 scrolls of fear
 r - 5 scrolls of magic mapping
 y - 3 scrolls of blinking
 O - 3 scrolls of enchant weapon
 Q - a scroll of enchant armour
Potions
 b - a potion of brilliance
 k - a potion of haste
 l - 11 potions of curing
 n - a potion of berserk rage
 q - 4 potions of agility
 s - 2 potions of invisibility
 u - 5 potions of might
 w - 2 potions of ambrosia
 x - a potion of resistance
 H - 6 potions of flight
 I - a potion of lignification
 K - a potion of cancellation
 N - a potion of magic
Comestibles
 c - 29 rations


   Skills:
 + Level 12.8 Fighting
 + Level 11.0 Axes
 + Level 12.6 Armour
 + Level 10.0 Dodging


You had 12 spell levels left.
You didn't know any spells.
Your spell library was empty.

Dungeon Overview and Level Annotations

Branches:
Dungeon (11/15)            Temple (1/1) D:5            Lair (6/6) D:9
  Swamp (0/4) Lair:3       Spider (0/4) Lair:4          Orc (0/2) D:11
  Slime: Lair:5-6

Altars:
Cheibriados
Dithmenos
Gozag
Kikubaaqudgha
Makhleb
Qazlal
Sif Muna
Trog
Wu Jian
Yredelemnul
Zin

Shops:
D:10 *   D:11 =

Annotations:
Lair:4 exclusion: 3 oklob plants
Lair:5 2 transporters


Innate Abilities, Weirdness & Mutations

You are resistant to torment.
Your stone body is resilient. (AC +9)
You are immune to poison.
You resist negative energy. (rN+)
You are resistant to electric shocks. (rElec)
You can survive without breathing.
You are immune to petrification.
You are immune to rotting.
You have sharp toenails.
Your flesh is heat resistant. (rF+)
Your natural rate of healing is unusually fast.


Message History

The 15-headed hydra bites your ogre but does no damage.
The 15-headed hydra bites your ogre! The 15-headed hydra bites your ogre.
Your ogre dies!
Your ogre's corpse disappears in a puff of smoke!
You fail to use your ability.
You feel better. The 15-headed hydra barely misses you.
The 15-headed hydra bites you but does no damage.
The 15-headed hydra closely misses you. The 15-headed hydra bites you.
* * * LOW HITPOINT WARNING * * *
The 15-headed hydra bites you.
* * * LOW HITPOINT WARNING * * *
The 15-headed hydra misses you.
The 15-headed hydra completely misses you. x2
The 15-headed hydra closely misses you.
The 15-headed hydra bites you but does no damage.
The 15-headed hydra bites you.
* * * LOW HITPOINT WARNING * * *
The 15-headed hydra completely misses you.
The 15-headed hydra bites you.
You die...

##.........#.# #.#
P#......####..## ..# ##.
........# ##..# ..# . #..
......P.#####..## #.P .. ###
.......#.#.#....### ..# ...
................##.#..#....
................##.........
(.........##......##........
...
#........######.@D..........
... #.......#.
##............ ....
#........######.............
....
#.....#....#.#..............
....
.#....#P....................
...
#............##P...........#
#...........P####..........#
......##....## ##...P......
.#...#####..# #..###


You could see a 15-headed hydra.

Vanquished Creatures
  Fannar (D:11)
  Erolcha (D:11)
  The ghost of Fang the Fighter, a journeyman GrBe of Trog (D:10)
  A deep elf mage (D:10)
  A cyclops (D:11)
  A manticore (D:10)
  A wolf spider (Lair:4)
  6 elephants
  2 black mambas (Lair:6)
  A torpor snail (Lair:5)
  2 gargoyles
  10 spiny frogs
  A rime drake (Lair:2)
  8 komodo dragons
  2 trolls
  A hornet (D:9)
  3 polar bears
  2 dream sheep (Lair:5)
  4 blink frogs (Lair:4)
  3 hippogriffs
  Sigmund (D:6)
  2 wyverns (Lair:6)
  A human (D:7)
  2 basilisks
  11 yaks
  4 hogs (D:7)
  10 water moccasins
  7 porcupines
  5 phantoms
  4 ice beasts
  6 sky beasts
  2 black bears
  3 orc warriors
  5 ogres
  11 wolves
  5 centaurs
  10 crocodiles
  3 big kobolds
  14 bullfrogs
  A jelly (D:11)
  5 scorpions
  11 wights
  An electric eel (Lair:2)
  A howler monkey (D:4)
  2 bullfrog zombies (D:5)
  6 crimson imps
  6 hounds
  A quasit (D:10)
  3 iron imps (D:6)
  7 orc priests
  2 bullfrog skeletons (D:6)
  3 centaur skeletons
  11 orc wizards
  2 iguanas
  3 hell rats (Lair:1)
  4 worker ants
  A big kobold zombie (Ossuary)
  A hound zombie (D:11)
  The ghost of toni2068 the Sneak, a weakling SpEn (D:6)
  A hound skeleton (D:10)
  9 mummies
  A worker ant zombie (D:6)
  12 adders
  5 gnolls
  9 river rats
  3 shadow imps
  2 oozes
  2 adder skeletons
  An adder zombie (D:5)
  4 worms
  A dart slug (D:1)
  5 leopard geckos
  32 orcs
  7 giant cockroaches
  8 goblins
  5 hobgoblins
  11 jackals
  7 quokkas
  A ball python (D:1)
  A ball python skeleton (D:4)
  12 bats
  4 frilled lizards
  2 gnoll zombies (Ossuary)
  A hobgoblin zombie (Ossuary)
  18 kobolds
  4 kobold zombies (Ossuary)
  21 rats
  A bush (D:8)
  2 fungi
422 creatures vanquished.

Vanquished Creatures (collateral kills)
  7 hydras
  A manticore (Lair:6)
  2 black mambas (Lair:6)
  A spiny frog (Lair:6)
  A rime drake (Lair:6)
  3 komodo dragons
  A polar bear (Lair:6)
  2 hippogriffs
  A wyvern (Lair:6)
  A basilisk (Lair:2)
  A water moccasin (Lair:6)
  A porcupine (Lair:4)
  2 wolves (Lair:6)
  A crocodile (Lair:6)
  A howler monkey (D:10)
  A crimson imp (D:10)
  A worker ant zombie (D:10)
  A shadow imp (D:10)
29 creatures vanquished.

Vanquished Creatures (others)
  A wizard (D:11)
  5 fungi
  7 plants
13 creatures vanquished.

Grand Total: 464 creatures vanquished

Notes
Turn   | Place    | Note
-------+----------+-------------------------------------------
     0 | D:1      | Fang the Gargoyle Berserker began the quest for the Orb.
     0 | D:1      | Reached XP level 1. HP: 14/14 MP: 1/1
   263 | D:1      | Reached XP level 2. HP: 2/19 MP: 2/2
   604 | D:1      | Reached XP level 3. HP: 19/23 MP: 3/3
  1605 | D:1      | You fall through a shaft!
  1717 | D:2      | Reached XP level 4. HP: 29/29 MP: 4/4
  1724 | D:2      | Reached ** piety under Trog
  2804 | D:3      | Reached XP level 5. HP: 18/33 MP: 5/5
  2972 | D:3      | Found a stormy altar of Qazlal.
  2979 | D:3      | Noticed a water elemental
  2993 | D:3      | Noticed a fire elemental
  3165 | D:3      | Noticed an air elemental
  3234 | D:3      | Found a glowing silver altar of Zin.
  3479 | D:4      | Reached *** piety under Trog
  3484 | D:4      | Reached XP level 6. HP: 20/39 MP: 6/6
  3815 | D:4      | Reached skill level 5 in Fighting
  3826 | D:4      | You fall through a shaft for 2 floors!
  3847 | D:6      | Reached XP level 7. HP: 34/44 MP: 7/7
  3892 | D:6      | Found a sand-covered staircase.
  3904 | Ossuary  | Entered an ossuary
  4433 | Ossuary  | Reached **** piety under Trog
  5036 | D:6      | Reached skill level 5 in Armour
  5395 | D:6      | Reached XP level 8. HP: 46/51 MP: 8/8
  5572 | D:6      | Reached skill level 5 in Axes
  6439 | D:6      | Found a burning altar of Makhleb.
  6527 | D:6      | Found a runed translucent door.
  6527 | D:6      | Noticed toni2068's ghost (weakling SpEn)
  6552 | D:6      | Noticed Sigmund
  6559 | D:6      | Killed Sigmund
  6559 | D:6      | Reached XP level 9. HP: 56/56 MP: 9/9
  6860 | D:5      | Entered Level 5 of the Dungeon
  6901 | D:6      | Killed toni2068's ghost
  6970 | D:5      | Found a staircase to the Ecumenical Temple.
  6978 | D:5      | Reached skill level 5 in Dodging
  7167 | D:5      | Reached ***** piety under Trog
  7454 | D:5      | Found a shadowy altar of Dithmenos.
  8651 | D:7      | Reached XP level 10. HP: 64/64 MP: 10/10
  8961 | D:7      | Found an ornate altar of the Wu Jian Council.
  9313 | D:8      | Found an ancient bone altar of Kikubaaqudgha.
  9317 | D:8      | Found a snail-covered altar of Cheibriados.
  9355 | D:8      | Found a deep blue altar of Sif Muna.
  9355 | D:8      | Found a basalt altar of Yredelemnul.
  9362 | D:8      | Found a shadowy altar of Dithmenos.
  9591 | D:8      | Received a gift from Trog
  9841 | Temple   | Entered the Ecumenical Temple
 10010 | D:9      | Found a staircase to the Lair.
 10099 | D:9      | Found an opulent altar of Gozag.
 10357 | D:9      | Noticed a four-headed hydra
 10363 | D:9      | Killed an eight-headed hydra
 10363 | D:9      | Reached XP level 11. HP: 30/72 MP: 11/11
 11173 | D:10     | Entered Level 10 of the Dungeon
 11173 | D:10     | Found a runed translucent gate.
 11173 | D:10     | Found a runed translucent gate.
 11173 | D:10     | Found an opulent altar of Gozag.
 11173 | D:10     | Found a runed translucent gate.
 11173 | D:10     | Found Fygius's Assorted Antiques.
 11173 | D:10     | Noticed Fang's ghost (journeyman GrBe)
 11236 | D:10     | Killed Fang's ghost
 11236 | D:10     | Reached skill level 10 in Fighting
 11296 | D:10     | Noticed a manticore
 11311 | D:10     | Killed a manticore
 11800 | D:10     | Noticed a deep elf mage
 11810 | D:10     | Killed a deep elf mage
 11810 | D:10     | Reached skill level 10 in Armour
 12098 | D:11     | Noticed a cyclops
 12109 | D:11     | Killed a cyclops
 12119 | D:11     | Found a staircase to the Orcish Mines.
 12185 | D:11     | Noticed Fannar
 12202 | D:11     | Killed Fannar
 12266 | D:11     | Found a bloodstained altar of Trog.
 12273 | D:11     | Noticed a wizard
 12276 | D:11     | Killed a wizard
 12319 | D:11     | Found Jodiets's Jewellery Emporium.
 12334 | D:11     | Noticed Erolcha
 12343 | D:11     | Killed Erolcha
 12343 | D:11     | Reached XP level 12. HP: 43/79 MP: 12/12
 12677 | D:11     | Received a gift from Trog
 13075 | Lair:1   | Entered Level 1 of the Lair of Beasts
 13679 | Lair:1   | Got a transparent ring mail
 13690 | Lair:1   | Identified the +7 ring mail of Vaethu {Dex+5} (You found it
                  | on level 1 of the Lair of Beasts)
 14482 | Lair:2   | Noticed a six-headed hydra
 14490 | Lair:2   | Killed a six-headed hydra
 14720 | Lair:2   | Gained mutation: Your flesh is heat resistant. (rF+)
                  | [potion of mutation]
 14720 | Lair:2   | Gained mutation: Your body sometimes deteriorates upon
                  | taking damage. [potion of mutation]
 14720 | Lair:2   | Gained mutation: Your muscles are strong. (Str +2) [potion
                  | of mutation]
 14721 | Lair:2   | Lost mutation: Your body sometimes deteriorates upon taking
                  | damage. [potion of mutation]
 14721 | Lair:2   | Lost mutation: Your muscles are strong. (Str +2) [potion of
                  | mutation]
 14721 | Lair:2   | Gained mutation: You have sharp toenails. [potion of
                  | mutation]
 14721 | Lair:2   | Gained mutation: Your natural rate of healing is unusually
                  | fast. [potion of mutation]
 15185 | Lair:3   | Noticed a seven-headed hydra
 15191 | Lair:3   | Killed an eight-headed hydra
 15263 | Lair:3   | Found a staircase to the Swamp.
 15385 | Lair:3   | Reached skill level 10 in Axes
 15439 | Lair:3   | You fall through a shaft for 2 floors!
 15468 | Lair:5   | Found a transporter.
 15551 | Lair:5   | You fall through a shaft!
 15551 | Lair:6   | Entered Level 6 of the Lair of Beasts
 15586 | Lair:6   | Noticed a six-headed hydra
 15592 | Lair:6   | Reached XP level 13. HP: 52/86 MP: 13/13
 15603 | Lair:6   | HP: 1/86 [black mamba (7)]
 15803 | Lair:5   | Found a transporter.
 16135 | Lair:5   | Got a bronze chain mail
 16146 | Lair:5   | Identified the +7 chain mail of the Unbroken {rN+++ Int-5
                  | Stlth+} (You found it on level 5 of the Lair of Beasts)
 16654 | Lair:4   | Received a gift from Trog
 16664 | Lair:4   | Got a smoking hand axe {god gift}
 16665 | Lair:4   | Identified the +5 hand axe of Vuyt {freeze, MR+ Int+3 SInv}
                  | (Trog gifted it to you on level 4 of the Lair of Beasts)
 16708 | Lair:4   | Found a hole to the Spider Nest.
 16911 | Lair:4   | Reached skill level 10 in Dodging
 17858 | Lair:3   | HP: 3/87 [15-headed hydra (6)]
 17858 | Lair:3   | Slain by a 15-headed hydra

Skill      XL: |  1  2  3  4  5  6  7  8  9 10 11 12 13 |
---------------+----------------------------------------+-----
Axes           | 3 4 5 6 8 9 10 11 | 11.0
Dodging        | 2 3 4 5 7 8 9 10 | 10.0
Armour         | 3 4 5 6 7 9 10 11 12 | 12.6
Fighting       | 4 5 6 8 9 10 12 | 12.8

Action                   |  1- 3 |  4- 6 |  7- 9 | 10-12 | 13-15 || total
-------------------------+-------+-------+-------+-------+-------++-------
Melee: Hand axe          |   102 |   276 |   479 |       |    92 ||   949
       Battleaxe         |       |       |   229 |   533 |    10 ||   772
       Kick              |       |       |       |    18 |    72 ||    90
       War axe           |       |       |       |       |    77 ||    77
Invok: Berserk           |     1 |     2 |     5 |     4 |       ||    12
       Brothers in Arms  |       |       |       |     7 |     7 ||    14
  Use: Scroll            |       |       |    21 |     7 |     3 ||    31
       Potion            |       |       |       |     5 |     4 ||     9
  Eat: Chunk             |     4 |     9 |    16 |    17 |     9 ||    55
       Ration            |       |       |     2 |     3 |     1 ||     6
Armor: Animal skin       |    34 |       |       |       |       ||    34
       Plate armour      |     5 |   224 |   597 |   398 |       ||  1224
       Ring mail         |       |       |       |    96 |   196 ||   292
Dodge: Dodged            |    96 |    97 |   334 |   518 |   318 ||  1363
